Match 46880015
Unlisted

Match 46880015
End
Vickers Machine Gun Team
Construct Section Command Post
Infantry Section
Dingo Light Scout Car
Infantry Section
Construct Platoon Command Post
Humber Armored Car
Infantry Section
Grenade Package
6-pounder Anti-tank Gun Team
Selects Heavy Armor Battlegroup
Selects Rigorous Vehicle Training
Selects Light Vehicle Withdraw and Refit
Selects UNKNOWN (202330)
Selects Forward Repair Assembly
Construct Company Command Post
Crusader AA Medium Tank
Foot Guards Section
Armored Vehicle Training
Infantry Training
Royal Engineer Section
Crusader II Medium Tank
Crusader II Medium Tank
Selects Churchill Black Prince Heavy Tank
Churchill Black Prince Heavy Tank
Selects Recon Artillery
Recon Artillery
Olg
rocketpossum
Wksh
theinstrument
0
0

Comments sign in to comment!

No comments posted yet!